 Dungeon Crawl Stone Soup version 0.18.1-5-g4a78601 (webtiles) character file.

4419 simples the Spear-Bearer (level 10, -4/120 HPs)
             Began as a Merfolk Berserker on May 10, 2016.
             Was an Elder of Trog.
             Slain by a yak (11 damage)
             ... on level 8 of the Dungeon.
             The game lasted 00:15:44 (10155 turns).

simples the Spear-Bearer (Merfolk Berserker)       Turns: 10155, Time: 00:15:45

Health: -4/120     AC:  6    Str: 26    XL:     10   Next: 36%
Magic:  10/10      EV: 16    Int:  6    God:    Trog [****..]
Gold:   411        SH:  0    Dex: 14    Spells: 0 memorised, 9 levels left

rFire  . . .     SeeInvis .     a - +0 spear
rCold  . . .     Gourm    .     C - +0 ring mail (curse)
rNeg   . . .     Faith    .     (no shield)
rPois  .         Spirit   .     (no helmet)
rElec  .         Dismiss  .     (no cloak)
rCorr  .         Reflect  .     (no gloves)
SustAt .         Harm     .     (no boots)
MR     .....                    (no amulet)
Stlth  ..........               (no ring)
                                (no ring)

@: berserking, very quick, not resistant to hostile enchantments, extremely
unstealthy
A: change form in water, swift swim
a: Berserk, Trog's Hand, Brothers in Arms, Burn Spellbooks, Renounce Religion


You were on level 8 of the Dungeon.
You worshipped Trog.
Trog was greatly pleased with you.
You were hungry.

You visited 1 branch of the dungeon, and saw 8 of its levels.
You also visited: Ossuary.

You collected 411 gold pieces.

Inventory:

Hand Weapons
 a - a +0 spear (weapon)
 y - a cursed +0 trident
Armour
 C - a cursed +0 ring mail (worn)
Jewellery
 j - a +4 ring of strength {unknown}
Wands
 K - a wand of enslavement (0/24)
Scrolls
 d - 4 scrolls of immolation {unknown}
 e - 8 scrolls of identify {unknown}
 f - 8 scrolls of remove curse
 k - a scroll of amnesia {unknown}
 p - 2 scrolls of enchant armour {unknown}
 u - a scroll of blinking {unknown}
 x - a scroll of noise {unknown}
 z - a scroll of random uselessness {unknown}
 A - 3 scrolls of teleportation {unknown}
 E - a scroll of brand weapon {unknown}
 F - 2 scrolls of holy word {unknown}
Potions
 b - 3 potions of heal wounds
 h - a potion of ambrosia {unknown}
 i - 2 potions of flight {unknown}
 l - 2 potions of agility
 m - a potion of might {unknown}
 n - 2 potions of magic {unknown}
 q - 2 potions of resistance {unknown}
 s - 3 potions of curing {unknown}
 t - a potion of cancellation {unknown}
 v - a potion of brilliance {unknown}
 w - a potion of cure mutation {unknown}
 B - 3 potions of lignification {unknown}
 D - 2 potions of degeneration {unknown}
 G - a potion of beneficial mutation {unknown}
Books
 r - a book of Annihilations

   Spells                             Type                      Level
   a - Poison Arrow                   Conjuration/Poison           6
   b - Chain Lightning                Conjuration/Air              8
   c - Lehudib's Crystal Spear        Conjuration/Earth            8
   d - Glaciate                       Conjuration/Ice              9
   e - Fire Storm                     Conjuration/Fire             9
   Trog disapproves of the use of such an item.
Comestibles
 c - 3 bread rations
 g - 2 royal jellies
 o - 7 meat rations
 H - 3 chunks of flesh
 I - 2 beef jerkies
 J - 7 slices of pizza


   Skills:
 + Level 7.7 Fighting
 * Level 13.6 Polearms
 + Level 5.1 Armour
 + Level 9.3 Dodging


You had 9 spell levels left.
You didn't know any spells.

Dungeon Overview and Level Annotations

Branches:
Dungeon (8/15)             Temple (0/1) D:5
   Lair: D:8-11

Altars:
Gozag
Kikubaaqudgha
Makhleb
Nemelex Xobeh
Pakellas
Trog
Yredelemnul
Zin

Annotations:
D:5 Sigmund


Message History

The yak is heavily wounded.
You puncture the yak!
The yak is almost dead.
The yak gores you!
* * * LOW HITPOINT WARNING * * *
You puncture the yak!
You kill the yak!
Trog accepts your kill. The yak gores you!
* * * LOW HITPOINT WARNING * * *
Things that are here:
a yak corpse x3
You completely miss the yak.
You are too injured to fight recklessly!
You are too injured to fight recklessly!
You are too injured to fight recklessly!
You hit the yak.
The yak is lightly wounded.
The yak gores you!
You die...

######## #
###......########.>#
#.+......'.%..@Y.#
#.#......#######.#
#.#......# .. #.#......# ##
#.#......# #....รท...#
#######'##
#########.##################
............................


You could see a yak.

Vanquished Creatures
  Grinder (D:3)
  5 yaks
  A human (D:7)
  A hippogriff (D:7)
  An ice beast (D:7)
  2 black bears
  2 ogres (D:5)
  A wasp (D:5)
  A centaur (D:7)
  2 big kobolds
  3 giant frogs
  An elf zombie (D:6)
  An elf skeleton (D:6)
  A scorpion (D:7)
  3 killer bees (D:8)
  7 wights (D:7)
  3 crimson imps
  2 bog bodies (Ossuary)
  A centaur zombie (Ossuary)
  2 jellies
  2 hounds
  A human zombie (D:6)
  2 orc priests
  4 orc wizards
  A centaur skeleton (D:5)
  2 giant frog skeletons
  A human skeleton (D:6)
  2 iguanas
  Terence (D:2)
  7 worker ants
  3 sheep (D:7)
  3 hound zombies (Ossuary)
  10 mummies (Ossuary)
  A howler monkey zombie (Ossuary)
  A worker ant zombie (D:8)
  6 gnolls
  8 adders
  A shadow imp (D:5)
  An adder skeleton (D:7)
  2 adder zombies (Ossuary)
  2 worms
  2 giant geckos
  17 orcs
  8 giant cockroaches
  8 goblins
  6 hobgoblins
  10 jackals
  28 kobolds
  3 quokkas
  5 bats
  A giant cockroach zombie (D:5)
  A giant gecko skeleton (D:5)
  6 giant newts
  An orc skeleton (D:6)
  An orc zombie (D:6)
  A quokka skeleton (D:6)
  10 rats
210 creatures vanquished.

Vanquished Creatures (collateral kills)
  Joseph (D:7)
  A bog body (Ossuary)
  A centaur zombie (Ossuary)
  A giant frog zombie (Ossuary)
  4 mummies (Ossuary)
  An adder zombie (Ossuary)
  2 jackal zombies (Ossuary)
11 creatures vanquished.

Vanquished Creatures (others)
  A hungry ghost (D:2)
  3 withered plants (Ossuary)
4 creatures vanquished.

Grand Total: 225 creatures vanquished

Notes
Turn   | Place    | Note
--------------------------------------------------------------
     0 | D:1      | simples the Merfolk Berserker began the quest for the Orb.
     0 | D:1      | Reached XP level 1. HP: 18/18 MP: 1/1
   246 | D:1      | Reached XP level 2. HP: 22/24 MP: 2/2
   337 | D:1      | Reached skill level 5 in Polearms
   642 | D:1      | Reached XP level 3. HP: 22/29 MP: 3/3
   646 | D:1      | Reached ** piety under Trog
  1468 | D:2      | Reached XP level 4. HP: 34/35 MP: 4/4
  1480 | D:2      | Reached skill level 6 in Polearms
  1512 | D:2      | Noticed Terence
  1517 | D:2      | Killed Terence
  1588 | D:2      | Reached XP level 5. HP: 42/42 MP: 5/5
  1693 | D:2      | Reached *** piety under Trog
  1910 | D:2      | Found an oddly glowing altar of Pakellas.
  1910 | D:2      | Noticed a hungry ghost
  1926 | D:2      | Killed a hungry ghost
  2092 | D:3      | Reached skill level 7 in Polearms
  2097 | D:3      | Reached XP level 6. HP: 48/48 MP: 6/6
  2294 | D:3      | Noticed Grinder
  2305 | D:3      | Killed Grinder
  2305 | D:3      | Reached skill level 8 in Polearms
  2305 | D:3      | Reached skill level 5 in Dodging
  2305 | D:3      | Reached XP level 7. HP: 55/55 MP: 7/7
  3056 | D:4      | Found a sparkling altar of Nemelex Xobeh.
  3058 | D:4      | Found a bloodstained altar of Trog.
  3058 | D:4      | Found a basalt altar of Yredelemnul.
  3058 | D:4      | Found a burning altar of Makhleb.
  3062 | D:4      | Found an ancient bone altar of Kikubaaqudgha.
  3488 | D:4      | Found a sparkling altar of Nemelex Xobeh.
  3647 | D:4      | Found a glowing silver altar of Zin.
  3944 | D:5      | Entered Level 5 of the Dungeon
  3964 | D:5      | Reached **** piety under Trog
  4088 | D:5      | Found a staircase to the Ecumenical Temple.
  4098 | D:5      | Reached skill level 5 in Fighting
  4357 | D:5      | Reached skill level 9 in Polearms
  4423 | D:5      | Reached XP level 8. HP: 52/62 MP: 8/8
  5040 | D:5      | Found an opulent altar of Gozag.
  5256 | D:5      | Reached skill level 10 in Polearms
  5332 | D:5      | Noticed Sigmund
  5751 | D:6      | Found a sand-covered staircase.
  5758 | Ossuary  | Entered an ossuary
  6427 | Ossuary  | Reached XP level 9. HP: 69/69 MP: 9/9
  6609 | D:6      | Reached skill level 11 in Polearms
  7587 | D:7      | Noticed Joseph
  7610 | D:7      | Killed Joseph
  8131 | D:7      | Reached skill level 12 in Polearms
  9114 | D:7      | Reached XP level 10. HP: 67/79 MP: 10/10
  9474 | D:8      | Reached skill level 13 in Polearms
 10067 | D:8      | Reached skill level 5 in Armour
 10153 | D:8      | HP: 6/120 [yak (13)]
 10155 | D:8      | Slain by a yak

Skill      XL: |  1  2  3  4  5  6  7  8  9 10 |
---------------+-------------------------------+-----
Dodging        | 3 4 5 6 7 8 9 |  9.3
Polearms       | 5 6 7 8 9 10 12 13 | 13.6
Fighting       | 4 5 6 7 |  7.7
Armour         | 2 3 4 5 |  5.1

Action                   |  1- 3 |  4- 6 |  7- 9 | 10-12 || total
-------------------------+-------+-------+-------+-------++-------
Melee: Spear             |   161 |   107 |   860 |   205 ||  1333
       Tailslap          |       |       |     4 |       ||     4
Invok: Berserk           |     1 |     4 |    14 |     3 ||    22
       Brothers in Arms  |       |       |     3 |       ||     3
  Use: Scroll            |       |       |     1 |       ||     1
 Stab: Distracted        |       |       |     1 |       ||     1
       Sleeping          |       |       |     1 |       ||     1
  Eat: Chunk             |     3 |     6 |    21 |     6 ||    36
       Beef jerky        |       |       |     2 |       ||     2
       Pizza             |       |       |     1 |       ||     1
       Meat ration       |       |       |     1 |       ||     1
       Bread ration      |       |       |     1 |       ||     1
       Royal jelly       |       |       |     1 |       ||     1
Armor: Animal skin       |    17 |       |       |       ||    17
       Ring mail         |    10 |    18 |    84 |    14 ||   126
Dodge: Dodged            |    64 |    29 |   312 |    75 ||   480
